 Dungeon Crawl Stone Soup version bcrawl-1.28 (webtiles) character file.

Game seed: 14509842828487256208

135300 MisterOstroum the Poker (level 5, 0/32 HPs)
             Began as a Gargoyle Gladiator on Nov 22, 2020.
             Killed from afar by an orc wizard (7 damage)
             ... with a magic dart
             ... on level 3 of the Dungeon.
             The game lasted 00:02:04 (2224 turns).

MisterOstroum the Poker (Gargoyle Gladiator)        Turns: 2224, Time: 00:02:05

Health: 0/32       AC:  8    Str: 19    XL:     5   Next: 2%
Magic:  5/5        EV: 12    Int:  8    God:
Gold:   259        SH:  0    Dex: 11    Spells: 4/4 levels left

rFire    . . .     SeeInvis .   a - +0 trident
rCold    . . .     Gourm    .   (no shield)
rNeg     + . .     Faith    .   b - +0 leather armour
rPois    ∞         Spirit   .   c - +0 helmet
rElec    +         Reflect  .   (no cloak)
rCorr    .         Harm     .   (no gloves)
MR       .....                  (no boots)
Stlth    +.........             (no amulet)
HPRegen  0.10/turn              (no ring)
MPRegen  0.09/turn              (no ring)

@: confused
A: negative energy resistance 1, electricity resistance, unbreathing,
petrification resistance, rot immunity, AC +4
a: no special abilities


You were on level 3 of the Dungeon.
You were very hungry.

You visited 1 branch of the dungeon, and saw 3 of its levels.

You collected 259 gold pieces.

Inventory:

Hand Weapons
 a - a +0 trident (weapon)
 m - a +0 hand axe
Missiles
 d - 3 throwing nets {=f!f}
 h - 473 bolts
 l - 723 stones (quivered)
 p - 134 arrows
Armour
 b - a +0 leather armour (worn)
 c - a +0 helmet (worn)
 n - a +0 ring mail
 o - a +0 chain mail
Jewellery
 s - the ring "Kanweips" {Ice Str+4 Slay-5 SInv}
   (You found it on level 2 of the Dungeon)

   [ring of ice]

   It enhances your ice magic.
   It affects your strength (+4).
   It affects your accuracy and damage with ranged weapons and melee attacks
   (-5).
   It makes you vulnerable to fire.
   It protects you from cold.
   It lets you see invisible.
Scrolls
 g - 3 scrolls of remove curse {unknown}
 i - a scroll of identify {@r1}
 k - 2 scrolls of immolation {unknown}
 q - a scroll of enchant weapon {unknown}
 r - a scroll of teleportation {unknown}
 w - a scroll of blinking {unknown}
Potions
 f - 2 potions of mutation
 j - a potion of flight
 t - a potion of invisibility
 u - a potion of brilliance {unknown}
 v - a potion of might {unknown}
 x - a potion of haste {unknown}
Comestibles
 e - 8 rations {!d}


   Skills:
 - Level 3.2 Fighting
 + Level 5.0 Polearms
 - Level 1.7 Throwing
 - Level 2.4 Dodging


You had 4 spell levels left.
You didn't know any spells.
Your spell library was empty.

Dungeon Overview and Level Annotations

Branches:
Dungeon (3/12)

Altars:
Sif Muna
Uskayaw


Innate Abilities, Weirdness & Mutations

You are resistant to torment.
Your stone body is resilient. (AC +4)
You are immune to poison.
You resist negative energy. (rN+)
You are resistant to electric shocks. (rElec)
You can survive without breathing.
You are immune to petrification.
You are immune to rotting.


Message History

Attack whom?
Press: ? - help, Dir - move target cursor, f - orc
Aim: an orc, wielding a +0 dagger You reach to attack!
You barely miss the orc.
The orc wizard casts a spell.
The orc wizard flickers and vanishes!
Deactivating autopickup; reactivate with Ctrl-A.
You barely miss the orc. The orc hits you but does no damage.
Attack whom?
Press: ? - help, Dir - move target cursor, f/p - orc
Aim: an orc, wielding a +0 dagger You closely miss the orc.
The orc hits you but does no damage.
Attack whom?
Press: ? - help, Dir - move target cursor, f - orc priest, p - orc
Aim: an orc priest, wielding a +0 hand axe You reach to attack!
You closely miss the orc priest. The orc barely misses you.
Attack whom?
Press: ? - help, Dir - move target cursor, f/p - orc priest
Aim: an orc priest, wielding a +0 hand axe You reach to attack!
You hit the orc priest.
The orc priest is moderately wounded.
The orc hits you but does no damage.
Attack whom?
Press: ? - help, Dir - move target cursor, f/p - orc priest
Aim: an orc priest, wielding a +0 hand axe (moderately wounded)
You reach to attack!
You closely miss the orc priest.
The orc priest is moderately wounded.
The orc hits you but does no damage.
Attack whom?
Press: ? - help, Dir - move target cursor, f/p - orc priest
Aim: an orc priest, wielding a +0 hand axe (moderately wounded)
You reach to attack!
You puncture the orc priest!
The orc priest is severely wounded.
Attack whom?
Press: ? - help, Dir - move target cursor, f/p - orc priest
Aim: an orc priest, wielding a +0 hand axe (severely wounded)
Something you can't see is in the way.
You hit something.
You hear some strange, mumbled words.
Something tries to affect you, but you resist.
Attack whom?
Press: ? - help, Dir - move target cursor, f/p - orc priest
Aim: an orc priest, wielding a +0 hand axe (severely wounded)
Something you can't see is in the way.
You miss something.
The orc priest mumbles some strange prayers to Beogh against you.
Beogh smites you! Something hits you but does no damage.
Attack whom?
Press: ? - help, Dir - move target cursor, f/p - orc priest
Aim: an orc priest, wielding a +0 hand axe (severely wounded)
Something you can't see is in the way.
You hit something. Something hits you.
Attack whom?
Press: ? - help, Dir - move target cursor, f/p - orc priest
Aim: an orc priest, wielding a +0 hand axe (severely wounded)
Something you can't see is in the way.
You miss something.
You hear some strange, mumbled words.
A puff of flame appears from out of thin air!
The puff of flame hits you!
* * * LOW HITPOINT WARNING * * *
Attack whom?
Press: ? - help, Dir - move target cursor, f/p - orc priest
Aim: an orc priest, wielding a +0 hand axe (severely wounded)
You reach to attack!
You puncture the orc priest!
You kill the orc priest!
Your Polearms skill increases to level 5!
You have reached level 5!
Something hits you but does no damage.
You barely miss something.
You hear some strange, mumbled words.
Something tries to affect you, but you resist.
You are feeling very hungry.
You closely miss something. Something hits you but does no damage.
You miss something. Something hits you.
* * * LOW HITPOINT WARNING * * *
You barely miss something. Something hits you.
* * * LOW HITPOINT WARNING * * *
You barely miss something. Something hits you but does no damage.
You barely miss something. Something hits you but does no damage.
You hit something. Something hits you.
* * * LOW HITPOINT WARNING * * *
You barely miss something. Something hits you but does no damage.
Okay, then.
Unknown command.
You closely miss something. Something hits you but does no damage.
Unknown command.
Attack whom?
Press: ? - help, Dir - move target cursor You closely miss something.
Something hits you but does no damage.
You miss something. Something barely misses you.
An orc wizard appears from thin air!
Reactivating autopickup.
The orc wizard gestures wildly while chanting.
The orc wizard flickers and vanishes!
Deactivating autopickup; reactivate with Ctrl-A.
You hear some strange, mumbled words.
You are confused.
You bump into the rock wall.
You bump into the rock wall.
A magic dart appears from out of thin air!
The magic dart hits you!
You die...

#.##### #####... #.# .
#o# #o# #{# #############
#.# #............ #.#
#.###..##### #.# #.# #..#
#@# #.###..#######
########.# #.#...<.......
.........###.#.##########
########.....#. #†#####
#.......# #########


You could see 2 orcs.

Vanquished Creatures
  An orc priest (D:3)
  Jessica (D:2)
  An adder (D:2)
  2 worms (D:2)
  3 leopard geckos
  An orc (D:3)
  2 ball pythons
  3 bats
  2 giant cockroaches
  3 goblins (D:1)
  6 hobgoblins
  3 jackals (D:1)
  3 kobolds
  A quokka (D:2)
  2 frilled lizards
  7 rats
41 creatures vanquished.

Notes
Turn   | Place    | Note
-------+----------+-------------------------------------------
     0 | D:1      | MisterOstroum the Gargoyle Gladiator began the quest for
                  | the Orb.
     0 | D:1      | Reached XP level 1. HP: 14/14 MP: 1/1
    42 | D:1      | Reached skill level 3 in Polearms
   121 | D:1      | Reached XP level 2. HP: 18/19 MP: 2/2
  1116 | D:2      | Reached XP level 3. HP: 13/23 MP: 3/3
  1394 | D:2      | Reached skill level 4 in Polearms
  1415 | D:2      | Got a flickering bronze ring
  1490 | D:2      | Noticed Jessica
  1491 | D:2      | Killed Jessica
  1491 | D:2      | Reached XP level 4. HP: 28/28 MP: 4/4
  1507 | D:2      | Identified the ring "Kanweips" {Ice Str+4 Slay-5 SInv} (You
                  | found it on level 2 of the Dungeon)
  1664 | D:2      | Found a hide-covered altar of Uskayaw.
  2072 | D:2      | Found a shimmering blue altar of Sif Muna.
  2193 | D:3      | Reached skill level 5 in Polearms
  2193 | D:3      | Reached XP level 5. HP: 10/32 MP: 5/5
  2224 | D:3      | Killed from afar by an orc wizard

Skill      XL: |  1  2  3  4 |
---------------+-------------+-----
Polearms       | 3 4 5 |  5.0
Fighting       | |  3.2
Throwing       | |  1.7
Dodging        | |  2.4

Action                   |  1- 3 |  4- 6 || total
-------------------------+-------+-------++-------
Melee: Trident           |    97 |    50 ||   147
  Use: Scroll            |     1 |     3 ||     4
 Stab: Sleeping          |     1 |     1 ||     2
  Eat: Chunk             |     5 |     1 ||     6
Armor: Leather armour    |    24 |    15 ||    39
Dodge: Dodged            |    45 |     6 ||    51
